 Dungeon Crawl Stone Soup version 0.31-a0-214-gb37851dbb3 (webtiles) character file.

Game seed: 16038586441838867102

42 gelatine the Shooter (level 3, 0/27 HPs)
             Began as a Demonspawn Hunter on July 2, 2023.
             Slain by an adder (1 damage)
             ... on level 3 of the Dungeon.
             The game lasted 00:01:58 (1287 turns).

gelatine the Shooter (Demonspawn Hunter)            Turns: 1287, Time: 00:01:59

Health: 0/27       AC:  3    Str: 11    XL:     3   Next: 33%
Magic:  12/12      EV:  9    Int: 10    God:
Gold:   69         SH:  0    Dex: 18    Spells: 2/2 levels left

rFire   . . .        a - +0 shortbow
rCold   . . .        (shield currently unavailable)
rNeg    . . .        c - +0 leather armour
rPois   .            (helmet restricted)
rElec   .            (no cloak)
rCorr   .            (no gloves)
SInv    .            (no boots)
Will    .....        (no amulet)
Stlth   ++           j - ring of magical power
HPRegen 0.24/turn    (no ring)
MPRegen 0.13/turn

%: no passive effects
@: constricted
A: antennae 1
a: no special abilities


You were on level 3 of the Dungeon.
You visited 1 branch of the dungeon, and saw 3 of its levels.

You collected 69 gold pieces.

Inventory:

Hand Weapons
 a - a +0 shortbow (weapon)
Armour
 c - a +0 leather armour (worn)
Jewellery
 j - a ring of magical power (left hand)
Scrolls
 b - a scroll of butterflies
 d - a scroll of fog {unknown}
 f - a scroll of revelation {unknown}
 g - a scroll of teleportation {unknown}
 h - a scroll of identify {unknown}
 i - a scroll of noise {unknown}
Potions
 e - a potion of cancellation {unknown}


   Skills:
 * Level 2.1 Fighting
 * Level 4.5 Ranged Weapons
 * Level 0.6 Armour
 * Level 1.8 Dodging
 + Level 0.8 Stealth


You had 2 spell levels left.
You didn't know any spells.
Your spell library was empty.

Dungeon Overview and Level Annotations

Branches:
Dungeon (2/15)

Altars:


Innate Abilities, Weirdness & Mutations

You have a pair of small antennae on your head.


Message History

You shoot an arrow.
The arrow hits the kobold but does no damage.
You shoot an arrow. The arrow hits the kobold.
The kobold is severely wounded.
You shoot an arrow. The arrow closely misses the kobold.
You shoot an arrow. The arrow hits the kobold.
You kill the kobold!
You shoot an arrow. The arrow barely misses the adder.
The adder bites you but does no damage. The adder bites you.
You are poisoned.
The adder poisons you!
You shoot an arrow. The arrow misses the adder.
You feel sick. The adder barely misses you. The ball python bites you.
The ball python barely misses you.
You shoot an arrow. The arrow hits the adder.
The adder is moderately wounded.
You feel sick. The adder barely misses you. The ball python bites you.
The ball python grabs you. The ball python constricts you. The adder bites you.
The ball python misses you. The ball python constricts you.
You are too injured to fight recklessly!
You are too injured to fight recklessly!
You are too injured to fight recklessly!
You shoot an arrow. The arrow closely misses the adder.
You feel sick. The adder bites you but does no damage.
The ball python bites you but does no damage.
The ball python constricts you. The adder bites you.
* * * LOW HITPOINT WARNING * * *
You shoot an arrow. The arrow barely misses the adder.
You feel sick.
You are no longer poisoned.
The ball python bites you but does no damage.
The ball python constricts you.
* * * LOW HITPOINT WARNING * * *
The adder bites you.
* * * LOW HITPOINT WARNING * * *
The ball python bites you.
* * * LOW HITPOINT WARNING * * *
The ball python constricts you.
* * * LOW HITPOINT WARNING * * *
You shoot an arrow. The arrow barely misses the adder.
The adder bites you.
You die...

#..##...#....
#.###...# .
#.###..##
#......#
#.....##
#...###
#.####
#....####
#..@....#
#..SS.....#
#..........
#.###.####.
#.# .. #.#
... #. ...
....


You could see an adder and a ball python.

Vanquished Creatures
  2 worms (D:2)
  A dart slug (D:3)
  3 endoplasms
  4 goblins (D:1)
  5 hobgoblins
  2 jackals (D:1)
  4 kobolds
  A quokka (D:1)
  4 ball pythons (D:1)
  2 frilled lizards (D:1)
  5 rats (D:1)
33 creatures vanquished.

Notes
Turn   | Place    | Note
-------+----------+-------------------------------------------
     0 | D:1      | gelatine the Demonspawn Hunter began the quest for the Orb.
     0 | D:1      | Reached XP level 1. HP: 16/16 MP: 1/1
   164 | D:1      | Reached skill level 4 in Ranged Weapons
   164 | D:1      | Gained mutation: You have a pair of small antennae on your
                  | head. [demonic ancestry]
   164 | D:1      | Reached XP level 2. HP: 22/22 MP: 2/2
  1154 | D:2      | Reached XP level 3. HP: 27/27 MP: 3/3
  1254 | D:2      | You fall into a shaft and drop 1 floor!
  1286 | D:3      | HP: 1/27 [constriction (1)]
  1287 | D:3      | Slain by an adder

Illustrated notes

Levels and vault maps discovered:
D:1:      noname_arrival_rooms_in_the_neighbourhood, layout_basic
D:2:      layout_loops_ring, chequers_ecumenical_altar_island
D:3:      minmay_recursive_quarters, layout_basic, kennysheep_generic_room_4,
          uniq_terence, uniq_ijyb

Skill      XL: |  1 |
---------------+----+-----
Ranged Weapons | 4 |  4.5
Fighting       | |  2.1
Armour         | |  0.6
Dodging        | |  1.8
Stealth        | |  0.8

Action                     || total
---------------------------++-------
   Fire: Shortbow          ||   106
 Armour: Leather armour    ||     7
  Dodge: Dodged            ||    15

Table legend: (Time is in decaauts)
 A = Elapsed time spent in this place.
 B = Non-inter-level travel time spent in this place.
 C = Inter-level travel time spent in this place.
 D = Time resting spent in this place.
 E = Time spent auto-exploring this place.
 F = Levels seen in this place.
 G = Mean time per level.
                   A        B        C        D        E       F      G
               +--------+--------+--------+--------+--------+-----+--------+
         Total |   1311 |   1207 |    104 |      0 |   1015 |   3 |  437.0 |
       Dungeon |   1311 |   1207 |    104 |      0 |   1015 |   3 |  437.0 |
               +--------+--------+--------+--------+--------+-----+--------+

Top non-repeatable levels by time:
     D:1: 1163 daAuts
     D:2: 111 daAuts
     D:3: 36 daAuts
